 Dungeon Crawl Stone Soup version 0.13-a0-2484-gc765b08 (console) character file.

13507 Kellhus the Conjurer (level 12, 36/64 HPs)
             Began as a Gargoyle Wizard on July 20, 2013.
             Was an Elder of Vehumet.
             Quit the game on Level 10 of the Dungeon.
             The game lasted 00:46:27 (18376 turns).

Kellhus the Conjurer (Gargoyle Wizard)             Turns: 18376, Time: 00:46:27

HP  36/64        AC 26     Str 11      XL: 12   Next:  0%
MP  23/28        EV 12     Int 24      God: Vehumet [****..]
Gold 637         SH  0     Dex  8      Spells:  8 memorised,  8 levels left

Res.Fire  : + . .   See Invis. : .   C - +3,+2 dire flail (protect)
Res.Cold  : . . .   Warding    : .   H - +1 orc leather armour {rF+}
Life Prot.: + . .   Conserve   : .   (no shield)
Res.Poison: +       Res.Corr.  : .   R - +0 helmet
Res.Elec. : +       Clarity    : .   b - +0 cloak
Sust.Abil.: . .     Spirit.Shd : .   (no gloves)
Res.Mut.  : .       Stasis     : .   z - +0 pair of boots (curse)
Res.Rott. : +       Flight     : .   (no amulet)
Saprovore : . . .                    i - ring of wizardry
                                     y - cursed +3 ring of protection

@: somewhat resistant to hostile enchantments, unstealthy
A: fangs 1, talons 2, life protection 1, electricity resistance, slow metabolism
1, unbreathing, petrification resistance, AC +11
a: Renounce Religion


You were on level 10 of the Dungeon.
You worshipped Vehumet.
Vehumet was extremely pleased with you.
You were very hungry.

You visited 2 branches of the dungeon, and saw 12 of its levels.

You collected 617 gold pieces.

Inventory:

Hand weapons
 B - a cursed -2,-1 orcish short sword
 C - a +3,+2 dire flail of protection (weapon)
Armour
 b - a +0 cloak (worn)
 z - a cursed +0 pair of boots (worn)
 H - a +1 orcish leather armour of fire resistance (worn)
 R - a +0 helmet (worn)
Magical devices
 a - a wand of draining (4)
 j - a wand of flame (7)
 t - a wand of enslavement (3) {unknown}
 w - a wand of heal wounds (9)
 J - a wand of confusion (6)
Comestibles
 d - 4 bread rations
 h - 3 apples
 m - 4 meat rations
 q - 2 pears
 N - 5 cheeses
 O - 10 grapes
 V - a beef jerky
Scrolls
 e - 2 scrolls of identify
 g - 5 scrolls of teleportation
 r - 2 scrolls of noise {unknown}
 F - a scroll of torment {unknown}
 I - 2 scrolls of blinking {unknown}
 M - 4 scrolls of enchant armour {unknown}
 S - 4 scrolls of remove curse {unknown}
 T - a scroll of fog {unknown}
 W - 3 scrolls of curse jewellery {unknown}
Jewellery
 i - a ring of wizardry (right hand)
 l - an uncursed ring of sustain abilities
 n - an uncursed ring of sustenance
 s - an uncursed amulet of guardian spirit
 u - an uncursed ring of fire
 y - a cursed +3 ring of protection (left hand)
 Q - an uncursed ring of protection from magic
Potions
 f - a potion of agility
 k - a potion of degeneration
 p - a potion of poison
 v - 5 potions of curing
 x - 2 potions of paralysis
 A - a potion of invisibility
 D - 4 potions of heal wounds
 E - a potion of brilliance
 G - a potion of berserk rage {unknown}
 K - a potion of slowing
Books
 c - a book of Minor Magic

   Spells                             Type                      Level
   *Magic Dart                        Conjuration                  1
   *Blink                             Translocation                2
   Call Imp                           Summoning                    2
   *Repel Missiles                    Charms/Air                   2
   Slow                               Hexes                        2
   *Conjure Flame                     Conjuration/Fire             3
   *Mephitic Cloud                    Conjuration/Poison/Air       3
 o - a book of Transfigurations

   Spells                             Type                      Level
   Stoneskin                          Transmutation/Earth          2
   Polymorph                          Hexes/Transmutation          4
   Ice Form                           Ice/Transmutation            4
   Statue Form                        Transmutation/Earth          6
   Dragon Form                        Transmutation                7
 L - a book of the Dragon

   Spells                             Type                      Level
   Flight                             Charms/Air                   3
   Cause Fear                         Hexes                        4
   Bolt of Fire                       Conjuration/Fire             6
   Dragon Form                        Transmutation                7
   Summon Dragon                      Summoning                    9


   Skills:
 - Level 6.5 Fighting
 - Level 5.2 Dodging
 - Level 2.1 Stealth
 - Level 8.0 Spellcasting
 + Level 12.6 Conjurations
 - Level 5.0 Charms
   Level 0.8 Summonings
 - Level 0.8 Translocations
 - Level 7.0 Ice Magic


You had 8 spell levels left.
You knew the following spells:

 Your Spells              Type           Power        Failure   Level  Hunger
a - Throw Frost           Conj/Ice       ######       1%          2    None
b - Conjure Flame         Conj/Fire      #####...     1%          3    None
c - Mephitic Cloud        Conj/Pois/Air  ####....     1%          3    None
d - Searing Ray           Conj           ######       1%          2    None
e - Magic Dart            Conj           ####         1%          1    None
i - Iskenderun's Battles  Conj/Chrm      ######..     1%          4    ##.....
l - Blink                 Tloc           N/A          3%          2    None
r - Repel Missiles        Chrm/Air       ###.......   1%          2    None


Dungeon Overview and Level Annotations

Branches:
Dungeon (11/27)            Temple (1/1) D:6             Orc (0/4) D:7
   Lair: D:8-13

Altars:
Ashenzari
Cheibriados
Elyvilon
Fedhas
Kikubaaqudgha
Makhleb
Nemelex Xobeh
Okawaru
Sif Muna
Trog
Vehumet
Xom
Yredelemnul
Zin
the Shining One
Beogh
Jiyva

Shops:
D:8: [%

Annotations
D:2 exclusion: oklob plant
D:7 exclusion: downstairs


Innate Abilities, Weirdness & Mutations

You are resistant to torment.
You are immune to poison.
Your stone body is very resilient (AC +11).
You have very sharp teeth.
You have razor-sharp toenails.
You resist negative energy.
You are resistant to electric shocks.
You have a slow metabolism.
You can survive without breathing.
You are immune to petrification.


Message History

Aim: an orc priest, wielding an orcish club The puff of frost hits the orc priest.
The orc priest is heavily wounded.
The orc priest hits you but does no damage.
Casting: Throw Frost
Confirm with . or Enter, or press ? or * to list all spells.
Aiming: Throw Frost
Press: ? - help, Shift-Dir - straight line, f/p - orc priest
Aim: an orc priest, wielding an orcish club (heavily wounded)
The puff of frost hits the orc priest.
You kill the orc priest!
Vehumet accepts your kill.
You feel your power returning.
You have reached level 12!
Your experience leads to an increase in your attributes!
Increase (S)trength, (I)ntelligence, or (D)exterity?
You feel clever.
You feel stronger.
Are you sure you want to abandon this character and quit the game? (Confirm with "yes".)
Okay, then.
Are you sure you want to abandon this character and quit the game? (Confirm with "yes".)

#.........................#
####'######'####'######'###
#..........# #..# ###.#
#.#####.#.## #..# #...# #.#
#.#.#####..###.### #.#
#..............# #.#
###.#####.####.# #.#
####'#####.# ##'##### ### #.#
#.....@.##.###..[...# ..####.##
#....)..##..##......#
#.......###.......'...##......#
######..PPPPP.....###..'......#
##.P.........# ####......#
##P...P.....# #......#
#P...P###### ########


#PPPPP# ####### There were no monsters in sight!

Vanquished Creatures
  A hydra (D:11)
  3 hill giants (D:10)
  Pikel (D:7)
  2 cyclopes
  3 trolls
  A two-headed ogre (D:10)
  Prince Ribbit (D:5)
  2 hydra skeletons
  The ghost of Rycklaryybbe the Covert, an average SpEn of Ashenzari (D:5)
  Grum (D:10)
  A wyvern (D:10)
  3 wolves (D:10)
  3 hungry ghosts
  Edmund (D:3)
  6 orc warriors
  3 sky beasts
  A human (D:7)
  2 ice beasts
  2 giant goldfish (D:10)
  4 ogres
  4 phantoms
  A black bear (D:9)
  12 centaurs
  Sigmund (D:5)
  Blork the orc (D:4)
  8 giant frogs
  An eye of draining (D:11)
  7 killer bees
  A yak skeleton (D:11)
  2 yak zombies
  11 wights
  A hippogriff skeleton (D:7)
  A quasit (D:5)
  2 electric eels (D:10)
  6 crimson imps
  A goliath beetle (D:10)
  8 orc priests
  3 big fish
  6 hounds
  5 scorpions
  Crazy Yiuf (D:7)
  11 orc wizards
  8 worker ants
  4 sheep (D:7)
  5 iguanas
  A sky beast zombie (D:10)
  5 jellies
  Terence (D:2)
  2 hound skeletons
  A mummy (D:9)
  8 adders
  3 gnolls (D:5)
  8 worms
  A giant eyeball (D:11)
  6 giant geckos
  52 orcs
  7 giant cockroaches
  20 goblins
  18 hobgoblins
  14 jackals
  23 kobolds
  5 quokkas
  2 ball pythons
  24 bats
  6 giant newts
  2 giant spores
  A kobold skeleton (D:5)
  A quokka skeleton (D:9)
  16 rats
  10 ballistomycetes
  A plant (D:10)
391 creatures vanquished.

Vanquished Creatures (others)
  A hippogriff (D:8)
  3 slaves (D:8)
  A sky beast (D:8)
  A water moccasin (D:8)
  A wight (D:8)
  An orc (D:8)
  A giant spore (D:6)
  A kobold (D:8)
  A ballistomycete (D:6)
11 creatures vanquished.

Grand Total: 402 creatures vanquished

Notes
Turn   | Place    | Note
--------------------------------------------------------------
     0 | D:1      | Kellhus, the Gargoyle Wizard, began the quest for the Orb.
     0 | D:1      | Reached XP level 1. HP: 8/8 MP: 5/5
   302 | D:1      | Reached XP level 2. HP: 13/13 MP: 5/7
  1015 | D:1      | Reached XP level 3. HP: 15/17 MP: 9/9
  1098 | D:2      | Noticed Terence
  1377 | D:2      | Reached skill level 4 in Conjurations
  1542 | D:2      | Reached XP level 4. HP: 22/22 MP: 8/11
  2076 | D:2      | Found a blossoming altar of Fedhas.
  2097 | D:2      | Reached skill level 5 in Conjurations
  2097 | D:2      | Reached XP level 5. HP: 18/26 MP: 4/12
  2167 | D:2      | Noticed an oklob plant
  3059 | D:3      | Learned a level 3 spell: Conjure Flame
  3063 | D:3      | Learned a level 3 spell: Mephitic Cloud
  3326 | D:3      | Reached skill level 6 in Conjurations
  3765 | D:3      | Found a sparkling altar of Nemelex Xobeh.
  3985 | D:3      | Reached XP level 6. HP: 29/31 MP: 2/14
  4424 | D:2      | Killed Terence
  4910 | D:3      | Reached skill level 7 in Conjurations
  5130 | D:4      | Reached XP level 7. HP: 35/35 MP: 10/18
  5270 | D:4      | Found a snail-covered altar of Cheibriados.
  5629 | D:4      | Noticed Edmund
  5755 | D:3      | Killed Edmund
  5755 | D:3      | Reached skill level 5 in Spellcasting
  6309 | D:4      | Noticed Blork the orc
  6329 | D:4      | Killed Blork the orc
  6531 | D:4      | Found a shattered altar of Ashenzari.
  6702 | D:5      | Entered Level 5 of the Dungeon
  6766 | D:5      | Found a glowing silver altar of Zin.
  6794 | D:5      | Noticed Sigmund
  6800 | D:5      | Reached XP level 8. HP: 36/40 MP: 2/21
  6808 | D:5      | Noticed Rycklaryybbe's ghost (average SpEn)
  6809 | D:5      | Noticed Prince Ribbit
  6909 | D:5      | Killed Rycklaryybbe's ghost
  6909 | D:5      | Reached skill level 8 in Conjurations
  7032 | D:5      | Killed Prince Ribbit
  7032 | D:5      | Reached skill level 9 in Conjurations
  7144 | D:5      | Killed Sigmund
  7414 | D:5      | Reached skill level 10 in Conjurations
  8176 | D:6      | Learned a level 2 spell: Blink
  8179 | D:6      | Learned a level 2 spell: Repel Missiles
  8197 | D:6      | Reached XP level 9. HP: 44/44 MP: 10/23
  8672 | D:6      | Found a staircase to the Ecumenical Temple.
  8719 | Temple   | Entered the Ecumenical Temple
  8921 | Temple   | Became a worshipper of Vehumet
  9134 | D:6      | Found a viscous altar of Jiyva.
 10423 | D:7      | Noticed Crazy Yiuf
 10429 | D:7      | Killed Crazy Yiuf
 10519 | D:7      | Found an ancient bone altar of Kikubaaqudgha.
 10543 | D:7      | Found a staircase to the Orcish Mines.
 10555 | D:7      | Reached skill level 11 in Conjurations
 10813 | D:7      | Found a roughly hewn altar of Beogh.
 10827 | D:7      | Acquired Vehumet's first power
 10827 | D:7      | Offered knowledge of Shock by Vehumet.
 10945 | D:7      | Reached skill level 1 in Fighting
 11503 | D:8      | Found Ynabuatos' Armour Emporium.
 11672 | D:8      | Found Throuxu's Food Shoppe.
 11672 | D:8      | Noticed Pikel
 11679 | D:7      | Reached XP level 10. HP: 34/52 MP: 19/26
 11868 | D:7      | Killed Pikel
 12087 | D:7      | Offered knowledge of Searing Ray by Vehumet.
 12107 | D:7      | Learned a level 2 spell: Searing Ray
 12896 | D:9      | Found a white marble altar of Elyvilon.
 13040 | D:9      | Noticed a cyclops
 13052 | D:9      | Found a shimmering altar of Xom.
 13125 | D:9      | Killed a cyclops
 13125 | D:9      | Offered knowledge of Throw Frost by Vehumet.
 13125 | D:9      | Reached skill level 5 in Dodging
 13148 | D:9      | Learned a level 2 spell: Throw Frost
 13213 | D:8      | Reached skill level 1 in Ice Magic
 14050 | D:9      | Acquired Vehumet's second power
 14343 | D:10     | Entered Level 10 of the Dungeon
 14370 | D:10     | Noticed a hill giant
 14376 | D:10     | Killed a hill giant
 14376 | D:10     | Reached skill level 5 in Ice Magic
 14376 | D:10     | Reached XP level 11. HP: 57/59 MP: 18/27
 14659 | D:10     | Offered knowledge of Iskenderun's Battlesphere by Vehumet.
 14715 | D:10     | Learned a level 4 spell: Iskenderun's Battlesphere
 14754 | D:10     | Noticed Grum
 14759 | D:10     | Killed Grum
 14759 | D:10     | Reached skill level 1 in Charms
 15679 | D:10     | Acquired Vehumet's third power
 15801 | D:10     | Noticed a hill giant
 15807 | D:10     | Killed a hill giant
 15914 | D:10     | Noticed a hill giant
 15922 | D:10     | Killed a hill giant
 15922 | D:10     | Offered knowledge of Lee's Rapid Deconstruction by Vehumet.
 16351 | D:11     | Reached skill level 5 in Charms
 17010 | D:11     | Noticed a six-headed hydra
 17014 | D:11     | Killed a six-headed hydra
 17014 | D:11     | Reached skill level 12 in Conjurations
 18367 | D:11     | Noticed an eight-headed hydra
 18375 | D:10     | Reached XP level 12. HP: 36/64 MP: 25/28
 18376 | D:10     | Quit the game

Action                   |  1- 3 |  4- 6 |  7- 9 | 10-12 || total
-------------------------+-------+-------+-------+-------++-------
Melee: Unarmed           |    29 |     6 |     5 |       ||    40
       Dire flail        |       |       |    37 |    34 ||    71
 Cast: Magic Dart        |    80 |   204 |   541 |   248 ||  1073
       Conjure Flame     |       |     2 |    20 |    26 ||    48
       Mephitic Cloud    |       |     3 |    25 |    14 ||    42
       Searing Ray       |       |       |       |    41 ||    41
       Blink             |       |       |       |     4 ||     4
       Repel Missiles    |       |       |       |     4 ||     4
       Throw Frost       |       |       |       |   132 ||   132
       Iskenderun's Batt |       |       |       |    24 ||    24
Evoke: Wand              |       |       |       |     4 ||     4
  Use: Scroll            |       |       |    18 |     3 ||    21
       Potion            |       |       |       |     1 ||     1
